 Dungeon Crawl Stone Soup version 0.30.1 (webtiles) character file.

Game seed: 6503419355073086992

51 shmup the Firebug (level 3, 0/19 HPs)
             Began as a Tengu Fire Elementalist on July 13, 2023.
             Slain by an adder (3 damage)
             ... on level 2 of the Dungeon.
             The game lasted 00:04:38 (1557 turns).

shmup the Firebug (Tengu Fire Elementalist)         Turns: 1557, Time: 00:04:38

Health: 0/19       AC:  2    Str:  8    XL:     3   Next: 81%
Magic:  3/7        EV: 12    Int: 17    God:
Gold:   29         SH:  0    Dex: 14    Spells: 2/6 levels left

rFire   . . .        l - +0 dagger
rCold   . . .        (no shield)
rNeg    . . .        a - +0 robe
rPois   .            (helmet restricted)
rElec   .            (no cloak)
rCorr   .            (no gloves)
SInv    .            (boots unavailable)
Will    .....        (no amulet)
Stlth   ++           (no ring)
HPRegen 0.23/turn    (no ring)
MPRegen 0.10/turn

%: no passive effects
@: lethally poisoned (0 -> -3)
A: beak, talons 3
a: no special abilities


You were on level 2 of the Dungeon.
You visited 1 branch of the dungeon, and saw 2 of its levels.

You collected 29 gold pieces.

Inventory:

Hand Weapons
 f - a +0 short sword
 l - a +0 dagger (weapon)
Missiles
 i - 13 stones (quivered)
 n - 2 boomerangs
Armour
 a - a +0 robe (worn)
Magical Staves
 g - a staff of earth
Scrolls
 d - a scroll of immolation {unknown}
 h - a scroll of fear {unknown}
 j - a scroll of enchant armour {unknown}
 k - a scroll of identify {unknown}
 m - a scroll of amnesia {unknown}
Potions
 b - a potion of magic
 c - 2 potions of curing {unknown}
 e - a potion of flight {unknown}


   Skills:
 + Level 2.5 Dodging
 + Level 2.5 Stealth
 + Level 2.2 Spellcasting
 + Level 2.4 Conjurations
 * Level 3.9 Fire Magic


You had 2 spell levels left.
You knew the following spells:

 Your Spells              Type           Power      Damage    Failure   Level
a - Foxfire               Conj/Fire      48%        2x1d6     4%          1
b - Inner Flame           Hex/Fire       8%         N/A       26%         3

Your spell library contained the following spells:

 Spells                   Type           Power      Damage    Failure   Level
 Scorch                   Fire           30%        2d6       5%          2
 Cigotuvi's Dreadful Rot  Necr/Pois/Air  2%         N/A       28%         2
 Volatile Blastmotes      Fire/Tloc      16%        2d11      26%         3
 Ignite Poison            Fire/Tmut/Pois 6%         N/A       32%         3
 Flame Wave               Conj/Fire      12%        2d6       45%         4
 Freezing Cloud           Conj/Ice/Air   2%         6-21      98%         5


Dungeon Overview and Level Annotations

Branches:
Dungeon (2/15)

Altars:

Annotations:
D:2 Jessica


Innate Abilities, Weirdness & Mutations

You have a beak for a mouth.
You have claws for feet.


Message History

The adder is heavily wounded.
The foxfire hits the adder.
The adder is almost dead.
The adder bites you.
You are poisoned.
The adder poisons you!
Casting: Foxfire (safe; 4% risk of failure)
Confirm with . or Enter, or press ? or * to list all spells.
You conjure some foxfire!
You feel sick. The adder bites you.
A kobold comes into view. It is wielding a +0 short sword.
You feel sick.
The foxfire hits the adder.
The adder is almost dead.
The adder barely misses you.
A hobgoblin comes into view.
The adder barely misses you.
The foxfire hits the kobold.
The kobold is severely wounded.
Casting: Foxfire (safe; 4% risk of failure)
Confirm with . or Enter, or press ? or * to list all spells.
You conjure some foxfire!
You feel sick. The adder bites you.
You feel sick.
You are no longer poisoned.
The adder bites you.
* * * LOW HITPOINT WARNING * * *
You are poisoned.
The adder poisons you! The adder attacks as you move away!
The adder closely misses you.
You feel sick.
The foxfire hits the hobgoblin.
The hobgoblin is lightly wounded.
The adder bites you.
* * * LOW HITPOINT WARNING * * *
The adder attacks as you move away! The adder bites you but does no damage.
* * * LOW HITPOINT WARNING * * *
You feel sick. The adder attacks as you move away!
The adder bites you but does no damage.
* * * LOW HITPOINT WARNING * * *
You feel sick.
There is a stone staircase leading up here.
* * * LOW HITPOINT WARNING * * *
You feel sick. The adder bites you.
You die...

[▒ ... .▒▒▒..
▒ ▒▒.▒..▒
...▒.....▒
▒......▒.▒
▒.gK▒ ▒▒▒.▒
▒.▒▒▒▒S▒▒▒▒▒▒▒
▒...>.Q.......
▒.▒▒▒▒.▒▒▒▒▒▒▒
▒.▒ ..▒ ▒▒▒


You could see an adder, a hobgoblin and a kobold.

Vanquished Creatures
  2 worms (D:2)
  2 dart slugs (D:1)
  A bat (D:1)
  8 endoplasms
  A giant cockroach (D:1)
  2 hobgoblins
  4 jackals (D:2)
  3 kobolds (D:1)
  3 quokkas
  5 ball pythons
  3 frilled lizards
  A goblin (D:1)
  A rat (D:1)
36 creatures vanquished.

Vanquished Creatures (others)
  124 foxfires
124 creatures vanquished.

Grand Total: 160 creatures vanquished

Notes
Turn   | Place    | Note
-------+----------+-------------------------------------------
     0 | D:1      | shmup the Tengu Fire Elementalist began the quest for the
                  | Orb.
     0 | D:1      | Reached XP level 1. HP: 10/10 MP: 4/4
   174 | D:1      | Reached XP level 2. HP: 15/15 MP: 1/6
   652 | D:1      | Reached XP level 3. HP: 19/19 MP: 4/7
   753 | D:1      | You fall into a shaft and drop 1 floor!
  1059 | D:2      | Noticed Jessica
  1065 | D:2      | Learned a level 3 spell: Inner Flame
  1557 | D:2      | Slain by an adder

Illustrated notes

Levels and vault maps discovered:
D:1:      elethiomel_arrival_infinity_welcomes_careful_drivers,
          layout_loops_cross, hex_large
D:2:      layout_loops_ring, minmay_pentomino_x4, uniq_jessica

Skill      XL: |  1  2 |
---------------+-------+-----
Conjurations   | 2 |  2.4
Dodging        | |  2.5
Stealth        | |  2.5
Spellcasting   | |  2.2
Fire Magic     | |  3.9

Action                     || total
---------------------------++-------
  Melee: Unarmed           ||     1
         Short sword       ||    11
         Kick              ||     1
   Cast: Foxfire           ||    77
 Armour: Robe              ||     6
  Dodge: Dodged            ||    28
